 Dungeon Crawl Stone Soup version 0.22-a0-305-gd21a89c (webtiles) character file.

108 xccam the Slasher (level 5, 0/41 HPs)
             Began as a Formicid Fighter on Mar 30, 2018.
             Killed by nerve-wracking pain
             ... invoked by Grinder
              (9 damage)
             ... on level 3 of the Dungeon.
             The game lasted 00:03:17 (2104 turns).

xccam the Slasher (Formicid Fighter)                Turns: 2104, Time: 00:03:17

Health: 0/41       AC:  9    Str: 27    XL:     5   Next: 12%
Magic:  5/5        EV:  8    Int:  7    God:
Gold:   82         SH: 10    Dex: 10    Spells: 4/4 levels left

rFire    . . .     SeeInvis +   a - +0 long sword
rCold    . . .     Gourm    .   c - +0 shield
rNeg     . . .     Faith    .   b - +0 scale mail
rPois    .         Spirit   .   (helmet unavailable)
rElec    .         Reflect  .   (no cloak)
rCorr    .         Harm     .   (no gloves)
MR       .....                  m - +1 pair of boots
Stlth    ..........             (no amulet)
HPRegen  0.13/turn              (no ring)
MPRegen  0.09/turn              (no ring)

@: mighty
A: permanent stasis, dig shafts and tunnels, four strong arms, antennae 3
a: Dig, Shaft Self


You were on level 3 of the Dungeon.
You were not hungry.

You visited 1 branch of the dungeon, and saw 3 of its levels.

You collected 82 gold pieces.

Inventory:

Hand Weapons
 a - a +0 long sword (weapon)
Armour
 b - a +0 scale mail (worn)
 c - a +0 shield (worn)
 m - a +1 pair of boots (worn)
Scrolls
 h - 2 scrolls of teleportation {unknown}
 i - 4 scrolls of remove curse {unknown}
 k - a scroll of fear {unknown}
 l - a scroll of identify {unknown}
Potions
 e - 2 potions of brilliance {unknown}
 g - 2 potions of curing {unknown}
 j - a potion of heal wounds {unknown}
Comestibles
 f - 7 rations
 n - a chunk of flesh


   Skills:
 - Level 3.2 Fighting
 + Level 4.9 Long Blades
 - Level 3.2 Armour
 - Level 3.6 Shields


You had 4 spell levels left.
You didn't know any spells.

Dungeon Overview and Level Annotations

Branches:
Dungeon (3/15)

Altars:

Annotations:
D:3 Grinder


Innate Abilities, Weirdness & Mutations

You cannot be hasted, slowed, berserked, paralysed or teleported.
You can dig through walls and to a lower floor.
Your four strong arms can wield two-handed weapons with a shield.
You have a pair of large antennae on your head. (SInv)


Message History

Grinder is lightly wounded.
Grinder gestures at you.
Your stasis prevents you from being paralysed.
You closely miss Grinder.
Grinder is lightly wounded.
You block Grinder's attack.
You miss Grinder.
Grinder is lightly wounded.
Grinder hits you but does no damage. You block Grinder's attack.
You barely miss Grinder.
Grinder is lightly wounded.
Grinder hits you.
* * * LOW HITPOINT WARNING * * *
You writhe in agony.
* * * LOW HITPOINT WARNING * * *
You barely miss Grinder.
Grinder is lightly wounded.
Grinder gestures at you. Pain shoots through your body!
You die...

.$ #.. #..
#.# #.# #
#<####.#
##.....#.###
#...<......#
#5@.######.#
.........#
#######..# {
#..# #..#
.... ##.# ..


You could see Grinder.

Vanquished Creatures
  A scorpion (D:2)
  2 adders (D:2)
  A worm (D:2)
  3 leopard geckos
  3 giant cockroaches
  2 goblins (D:1)
  3 hobgoblins (D:1)
  2 jackals (D:2)
  6 kobolds
  A ball python (D:2)
  6 bats
  3 frilled lizards
  4 rats (D:1)
37 creatures vanquished.

Notes
Turn   | Place    | Note
-------+----------+-------------------------------------------
     0 | D:1      | xccam the Formicid Fighter began the quest for the Orb.
     0 | D:1      | Reached XP level 1. HP: 18/18 MP: 1/1
   389 | D:1      | Reached XP level 2. HP: 19/24 MP: 2/2
   582 | D:1      | Reached skill level 3 in Long Blades
   842 | D:1      | Reached XP level 3. HP: 28/29 MP: 3/3
  1309 | D:2      | Reached skill level 4 in Long Blades
  1309 | D:2      | Reached XP level 4. HP: 13/35 MP: 4/4
  1911 | D:2      | Reached XP level 5. HP: 35/41 MP: 5/5
  2089 | D:3      | Noticed Grinder
  2104 | D:3      | Killed from afar by Grinder

Vault maps used:
D:1:      saegor_arrival_simple_f, palyth_stone_intersect
D:2:      kennysheep_minor_cross
D:3:      st_stairs_3, tgw_kikubaaqudgha, uniq_grinder

Skill      XL: |  1  2  3 |
---------------+----------+-----
Long Blades    | 3 4 |  4.9
Fighting       | |  3.2
Armour         | |  3.2
Shields        | |  3.6

Action                   |  1- 3 |  4- 6 || total
-------------------------+-------+-------++-------
Melee: Long sword        |   112 |    41 ||   153
  Use: Potion            |       |     1 ||     1
  Eat: Chunk             |     1 |     3 ||     4
Armor: Scale mail        |    47 |     7 ||    54
Dodge: Dodged            |    27 |     6 ||    33
Block: Shield            |    53 |    20 ||    73
       Rpst.: Long sword |     9 |     3 ||    12

Table legend:
 A = Spawn XP
 B = Non-spawn XP
 C = Spawn XP percentage of total XP
 D = Spawn monster count
 E = Non-spawn monster count
 F = Spawn count percentage of total count
 G = Total turns spent on level
                    A         B        C        D         E        F      G
               +---------+---------+-------+---------+---------+-------+---------
         Total |       0 |     155 |   0.0 |       0 |      37 |   0.0 |  2104
               +---------+---------+-------+---------+---------+-------+---------
           D:1 |       0 |      33 |   0.0 |       0 |      21 |   0.0 |  1111
           D:2 |       0 |     122 |   0.0 |       0 |      16 |   0.0 |   978
               +---------+---------+-------+---------+---------+-------+---------
